 Dungeon Crawl Stone Soup version 0.28.0-53-g5a82cb258f (webtiles) character file.

Game seed: 18160353874551193355

8520 styxcanada the Unseen (level 11, -23/53 HPs)
             Began as a Spriggan Brigand on June 27, 2022.
             Was an Initiate of Gozag.
             Killed from afar by a rime drake (31 damage)
             ... with a flash freeze
             ... on level 2 of the Lair of Beasts.
             The game lasted 00:51:34 (13692 turns).

styxcanada the Unseen (Spriggan Brigand)           Turns: 13692, Time: 00:51:35

Health: -23/53     AC:  5    Str:  7    XL:     11   Next: 11%
Magic:  19/19      EV: 26    Int: 12    God:    Gozag
Gold:   272        SH:  0    Dex: 26    Spells: 15/19 levels left

rFire   . . .      SeeInvis +   l - +3 dagger (drain)
rCold   . . .      Faith    .   (no shield)
rNeg    . . .      Spirit   .   w - +1 robe "Xiryifre" {*Slow +Blink rElec Dex+4}
rPois   .          Reflect  .   (helmet restricted)
rElec   +          Harm     .   c - +1 cloak
rCorr   .          Rampage  .   (gloves unavailable)
Will    +....                   (boots unavailable)
Stlth   +++++++...              (no amulet)
HPRegen 0.17/turn               (no ring)
MPRegen 0.16/turn               (no ring)

@: very quick
A: very small, no large weapons, unfitting armour, see invisible, speed 3
a: Renounce Religion, Evoke Blink, Potion Petition, Call Merchant, Bribe Branch


You were on level 2 of the Lair of Beasts.
You worshipped Gozag.
Gozag was aware of your devotion.
You visited 3 branches of the dungeon, and saw 11 of its levels.

You collected 1699 gold pieces.
You spent 654 gold pieces at shops.
You paid 773 gold pieces to Gozag.

Inventory:

Hand Weapons
 a - a +2 dagger
 l - a +3 dagger of draining (weapon)
 n - a +0 hunting sling
Missiles
 d - 8 poisoned darts (quivered)
 e - 2 curare-tipped darts
 m - 44 sling bullets
Armour
 c - a +1 cloak (worn)
 w - the +1 robe "Xiryifre" (worn) {*Slow +Blink rElec Dex+4}
   (You acquired it on level 6 of the Dungeon)

   Dex:       It affects your dexterity (+4).
   rElec:     It insulates you from electricity.
   +Blink:    It lets you blink.
   *Slow:     It may slow you when you take damage.
Wands
 g - a wand of acid (5)
 j - a wand of iceblast (4)
 s - a wand of digging (3)
 v - a wand of paralysis (4)
 y - a wand of flame (6)
Scrolls
 f - 10 scrolls of identify
 h - 2 scrolls of enchant weapon
 t - 2 scrolls of teleportation
 u - a scroll of holy word
 x - 2 scrolls of magic mapping
Potions
 b - 2 potions of ambrosia
 i - 4 potions of curing
 p - 2 potions of lignification
 q - 3 potions of resistance
 r - 2 potions of haste
 z - a potion of brilliance


   Skills:
 + Level 3.9 Fighting
 + Level 6.2 Short Blades
 + Level 4.9(6.3) Slings
 + Level 4.9(5.6) Throwing
 * Level 8.7 Dodging
 * Level 15.3 Stealth
 * Level 4.7 Spellcasting
 * Level 2.5 Conjurations
 * Level 3.3 Air Magic
 * Level 3.8 Poison Magic
 * Level 5.2 Evocations


You had 15 spell levels left.
You knew the following spells:

 Your Spells              Type           Power      Damage    Failure   Level
a - Magic Dart            Conj           32%        1d4       8%          1
b - Mephitic Cloud        Conj/Pois/Air  10%        N/A       16%         3

Your spell library contained the following spells:

 Spells                   Type           Power      Damage    Failure   Level
 Searing Ray              Conj           16%        2d5       11%         2
 Beastly Appendage        Tmut           4%         N/A       21%         1
 Spider Form              Tmut/Pois      7%         N/A       28%         3
 Call Imp                 Summ           2%         N/A       30%         2
 Wereblood                Tmut           2%         N/A       30%         2
 Confusing Touch          Hex            2%         N/A       52%         3
 Tukima's Dance           Hex            2%         N/A       52%         3
 Fulminant Prism          Conj/Hex       2%         3d6       77%         4
 Anguish                  Hex/Necr       1%         N/A       90%         4
 Yara's Violent Unravell  Hex/Tmut       1%         3d3       99%         5
 Enfeeble                 Hex            1%         N/A       100%        7


Dungeon Overview and Level Annotations

Branches:
Dungeon (8/15)             Temple (1/1) D:4            Lair (2/6) D:8
  Swamp: Lair:2-4    Shoals: Lair:2-4     Snake: Lair:2-4    Spider: Lair:2-4

Altars:
Ashenzari
Cheibriados
Elyvilon
Fedhas
Gozag
Hepliaklqana
Makhleb
Okawaru
Ru
Trog
Xom
Yredelemnul
Zin

Shops:
D:1 ?   Lair:1 [

Annotations:
D:7 concernfroge's ghost, novice DECj


Innate Abilities, Weirdness & Mutations

You are very small and have problems with some larger weapons.
You are too small for most types of armour.
You have supernaturally acute eyesight. (SInv)
You cover ground extremely quickly. (Speed+++)


Message History

The rime drake breathes ice at you. The flash freeze hits you!
* * * LOW HITPOINT WARNING * * *
You are encased in ice.
The rime drake is engulfed in noxious fumes.
The rime drake appears confused.
The rime drake bites something!
The rime drake bites itself but does no damage.
The rime drake is engulfed in noxious fumes.
The rime drake appears confused.
A rime drake is nearby!
Throw: 11 darts (poison)
Press: ? - help, Q - select action, (/) - cycle Shift-Dir - straight line, f - rime drake
Aim: a rime drake (lightly wounded, confused, very poisoned, 80% to hit)
You throw a poisoned dart. The poisoned dart hits the rime drake.
The rime drake looks even sicker.
The rime drake is lightly wounded.
The rime drake is distracted by your dazzling golden aura.
The ice encasing you melts away.
You start resting.
Magic restored.
You start resting.
A rime drake is nearby!
Throw: 10 darts (poison)
Press: ? - help, Q - select action, (/) - cycle Shift-Dir - straight line, f/p - rime drake
Aim: a rime drake (heavily wounded, wandering, hasn't noticed you, 62% to hit)
You throw a poisoned dart. The poisoned dart hits the rime drake.
The rime drake is poisoned.
The rime drake hisses angrily.
The rime drake is heavily wounded.
Throw: 9 darts (poison)
Press: ? - help, Q - select action, (/) - cycle Shift-Dir - straight line, f/p - rime drake
Aim: a rime drake (severely wounded, poisoned, 62% to hit)
You throw a poisoned dart.
The poisoned dart closely misses the rime drake.
Unknown command.
The rime drake breathes ice at you. The flash freeze hits you!!
Ouch! That really hurt!
You die...
Your body crumbles into a pile of gold.

#P.(.## ###..##
##(..# #P...#
##k..## #P....# ##
##...##
P###.#.########..##
.......@.....k.(..#
##P##########P#...#
###..## ...# #...#
#.... ##..P# #..##
#..#


You could see a rime drake (poisoned, catching breath).

Vanquished Creatures
  A boulder beetle (D:8)
  A cane toad (Lair:1)
  2 komodo dragons (Lair:1)
  The ghost of zdrol the Carver, an amateur MiFi (D:7)
  A polar bear (Lair:1)
  3 blink frogs (Lair:1)
  2 wyverns
  14 yaks
  A steam dragon (D:6)
  Edmund (D:6)
  5 water moccasins (Lair:1)
  3 sky beasts
  A hornet zombie (D:7)
  2 ice beasts
  2 necrophages
  4 centaurs
  6 ogres
  A phantom (D:6)
  A kobold brigand (D:7)
  2 wyvern zombies (D:8)
  4 bullfrogs
  3 scorpions
  A water moccasin zombie (D:6)
  3 wights (D:7)
  Crazy Yiuf (D:2)
  2 jellies (D:6)
  4 centaur skeletons
  4 orc priests
  2 bullfrog skeletons
  5 orc wizards
  3 iguanas (D:5)
  A hound skeleton (D:4)
  2 howler monkey zombies
  8 adders
  2 ufetubi
  2 worms (D:2)
  3 dart slugs
  13 orcs
  12 ball pythons
  5 bats
  9 endoplasms
  2 giant cockroaches
  2 goblins
  4 hobgoblins
  4 jackals (D:4)
  16 kobolds
  3 quokkas
  3 frilled lizards
  3 rats
180 creatures vanquished.

Vanquished Creatures (others)
  A wizard (D:5)
  3 fungi (Lair:1)
  2 plants
  2 withered plants (D:7)
8 creatures vanquished.

Grand Total: 188 creatures vanquished

Notes
Turn   | Place    | Note
-------+----------+-------------------------------------------
     0 | D:1      | styxcanada the Spriggan Brigand began the quest for the
                  | Orb.
     0 | D:1      | Reached XP level 1. HP: 10/10 MP: 2/2
    29 | D:1      | Reached skill level 6 in Stealth
   170 | D:1      | Reached XP level 2. HP: 15/15 MP: 3/3
   939 | D:1      | Reached skill level 7 in Stealth
  1044 | D:1      | Found Pacs's Magic Scroll Boutique.
  1052 | D:1      | Bought a scroll of identify for 22 gold pieces
  1213 | D:2      | Reached XP level 3. HP: 12/18 MP: 4/4
  1364 | D:2      | Found a sacrificial altar of Ru.
  2308 | D:2      | Found a runed translucent door.
  2309 | D:2      | Noticed Crazy Yiuf
  2316 | D:2      | Killed Crazy Yiuf
  2317 | D:2      | Reached XP level 4. HP: 23/23 MP: 5/5
  3099 | D:3      | Noticed a scorpion
  3121 | D:3      | Killed a scorpion
  3122 | D:3      | Reached skill level 8 in Stealth
  3122 | D:3      | Reached XP level 5. HP: 26/26 MP: 6/6
  3871 | D:4      | Noticed a centaur
  3905 | D:4      | Killed a centaur
  3906 | D:4      | Reached skill level 9 in Stealth
  3906 | D:4      | Reached XP level 6. HP: 19/29 MP: 7/7
  4074 | D:4      | Found a staircase to the Ecumenical Temple.
  4080 | Temple   | Entered the Ecumenical Temple
  4112 | Temple   | Became a worshipper of Gozag Ym Sagoz the Greedy
  4310 | D:4      | Reached skill level 10 in Stealth
  4516 | D:4      | Identified the +0 mace of the Eggplant {antimagic, rElec
                  | Stlth+}
  5156 | D:5      | Entered Level 5 of the Dungeon
  5228 | D:5      | Found an iron altar of Okawaru.
  5279 | D:5      | Reached XP level 7. HP: 35/35 MP: 8/8
  5640 | D:5      | Found a bloodstained altar of Trog.
  5669 | D:5      | Reached skill level 1 in Slings
  5669 | D:5      | Reached skill level 5 in Dodging
  5714 | D:5      | Noticed a wizard
  5720 | D:5      | Killed a wizard
  5761 | D:5      | Reached skill level 11 in Stealth
  5761 | D:5      | Reached XP level 8. HP: 40/40 MP: 9/9
  6153 | D:5      | Found a broken altar of Ashenzari.
  6723 | D:6      | Reached skill level 12 in Stealth
  6758 | D:6      | Reached skill level 5 in Short Blades
  6809 | D:6      | Found a hazy altar of Hepliaklqana.
  6810 | D:6      | Noticed Edmund
  6814 | D:6      | Killed Edmund
  6901 | D:6      | Reached skill level 13 in Stealth
  6901 | D:6      | Reached XP level 9. HP: 44/44 MP: 10/10
  7065 | D:1      | Bought a scroll of acquirement for 572 gold pieces
  7065 | D:1      | Bought a scroll of magic mapping for 38 gold pieces
  7065 | D:1      | Bought a scroll of identify for 22 gold pieces
  7144 | D:6      | Acquired the +1 robe "Xiryifre" {*Slow +Blink rElec Dex+4}
  7317 | D:6      | Reached skill level 1 in Evocations
  7403 | D:6      | Learned a level 1 spell: Magic Dart
  7407 | D:6      | Learned a level 3 spell: Mephitic Cloud
  8481 | D:7      | Found a runed translucent gate.
  8481 | D:7      | Found a runed translucent gate.
  8492 | D:7      | Reached skill level 1 in Spellcasting
  8669 | D:7      | Found a runed translucent gate.
  8676 | D:7      | Noticed zdrol's ghost (amateur MiFi)
  8676 | D:7      | Noticed concernfroge's ghost (novice DECj)
  8883 | D:7      | Reached skill level 1 in Poison Magic
  9114 | D:7      | Reached skill level 1 in Air Magic
  9618 | D:7      | Reached skill level 1 in Conjurations
 10030 | D:7      | Killed zdrol's ghost
 10487 | D:8      | Reached skill level 14 in Stealth
 10579 | D:8      | Noticed a boulder beetle
 10598 | D:8      | Killed a boulder beetle
 10599 | D:8      | Reached XP level 10. HP: 33/49 MP: 13/15
 10773 | D:8      | Found a white marble altar of Elyvilon.
 10872 | D:8      | Found a glowing silver altar of Zin.
 11417 | D:8      | Found a staircase to the Lair.
 11598 | Lair:1   | Entered Level 1 of the Lair of Beasts
 12239 | Lair:1   | Noticed a cane toad
 12341 | Lair:1   | Killed a cane toad
 13359 | Lair:1   | Reached skill level 5 in Evocations
 13362 | Lair:1   | Reached skill level 15 in Stealth
 13459 | Lair:1   | Reached XP level 11. HP: 38/53 MP: 14/19
 13692 | Lair:2   | Killed from afar by a rime drake

Illustrated notes

Levels and vault maps discovered:
D:1:      psy_arrival_basics, layout_rooms, serial_shops, shop
D:2:      minmay_chambers_of_ones, layout_basic, basic_altar,
          serial_park_tiny_pond, uniq_crazy_yiuf_cottage
D:3:      layout_loops_ring
D:4:      layout_cave_pools, temple_green
D:5:      layout_basic, trog_wizard, marbit_many_paths,
          okawaru_metal_pillars_1_2
D:6:      layout_layer_cave, mainiacjoe_overflow_brackets, uniq_edmund
D:7:      layout_loops_ring, gammafunk_ghost_cemetery
D:8:      layout_loops_ring, zin_scriptorium, elyvilon_altar_5,
          lair_entry_dummy, due_unseen_surprise
Temple:   compressed_dpeg_triangle_lava_temple
Lair:1:   layout_hall_layers, grunt_megastairs_1
Lair:2:   layout_long_grid, basic_altar, lemuel_fruit_tree

Skill      XL: |  1  2  3  4  5  6  7  8  9 10 |
---------------+-------------------------------+-----
Stealth        | 6 7 8 9 10 11 13 14 15 | 15.3
Fighting       | 2 3 |  3.9
Dodging        | 2 3 4 5 6 7 8 |  8.7
Short Blades   | 3 4 5 6 |  6.2
Throwing       | 3 4 |  4.9
Slings         | 1 2 4 |  4.9
Evocations     | 3 5 |  5.2
Spellcasting   | 2 4 |  4.7
Poison Magic   | 2 3 |  3.8
Air Magic      | 1 3 |  3.3
Conjurations   | 1 2 |  2.5

Action                   |  1- 3 |  4- 6 |  7- 9 | 10-12 || total
-------------------------+-------+-------+-------+-------++-------
Melee: Dagger            |    92 |   157 |   256 |   195 ||   700
       Punch             |     2 |     1 |     5 |     1 ||     9
 Fire: Hunting sling     |       |       |   113 |       ||   113
Throw: Dart              |    23 |     6 |    38 |    36 ||   103
 Cast: Magic Dart        |       |       |    11 |    26 ||    37
       Mephitic Cloud    |       |       |       |     6 ||     6
Invok: Call Merchant     |       |       |       |     1 ||     1
Evoke: Wand              |       |       |     1 |     1 ||     2
  Use: Scroll            |     5 |     5 |     9 |     1 ||    20
       Potion            |       |     4 |       |       ||     4
 Stab: Sleeping          |     7 |    18 |    24 |     9 ||    58
       Distracted        |       |       |     2 |     3 ||     5
       Confused          |       |       |       |     8 ||     8
Armor: Robe              |    12 |    14 |    23 |    12 ||    61
Dodge: Dodged            |    80 |   109 |   177 |   142 ||   508
